Map: Winter Madness LE

Players

MrBurns - Winner!

  • Race: Zerg Zerg
  • League: Diamond
  • Spawn Location: 11:00

HoldTheDoor

  • Race: Protoss Protoss
  • League: Diamond
  • Spawn Location: 5:00

VOD

Have the link to the VOD?

Description

Time

  • Played on: May 22, 2026, 1:21 p.m.
  • Length: 14:21
Show
View Real Time Build Order
Export as new Build Order

MrBurns Zerg - Winner!

Build Orders: Hatch First 

Get SALT Encoding   

  12  0:00  Drone  
  13  0:09  Drone  
  14  0:17  Overlord  
  14  0:35  Drone x3  
  17  0:54  Hatchery  
  16  1:01  Drone  
  16  1:04  Drone  
  18  1:16  Drone  
  19  1:23  Spawning Pool, Drone  
  19  1:33  Drone  
  19  1:36  Extractor  
  19  1:42  Drone  
  20  1:54  Drone  
  21  2:04  Drone  
  21  2:07  Drone  
  23  2:16  Queen x2  
  23  2:17  Drone  
  23  2:19  Overlord  
  28  2:26  Overlord  
  28  2:36  Metabolic Boost  
  28  2:41  Drone x3  
  31  2:45  Zergling x2  
  32  2:57  Zergling x4  
  34  3:02  Hatchery  
  34  3:03  Zergling x2  
  34  3:08  Zergling x2  
  35  3:28  Drone x2  
  35  3:29  Drone x5  
  35  3:30  Drone  
  35  3:32  Overlord  
  42  3:46  Zergling x4  
  44  3:52  Drone  
  44  3:53  Drone  
  44  4:01  Drone  
  44  4:02  Zergling x8  
  48  4:03  Zergling x4  
  50  4:12  Drone  
  50  4:17  Drone x2  
  52  4:27  Extractor  
  52  4:28  Extractor  
  52  4:29  Lair  
  50  4:38  Roach Warren  
  48  4:47  Drone  
  48  4:51  Baneling Nest  
  47  4:55  Queen  
  49  5:00  Queen  
  49  5:02  Drone  
  49  5:03  Drone x2  
  54  5:17  Drone x3, Extractor  
  54  5:20  Roach  
  58  5:21  Overlord x2  
  58  5:22  Overlord x3, Hatchery  
  57  5:31  Evolution Chamber  
  57  5:33  Evolution Chamber  
  55  5:36  Baneling  
  55  5:37  Baneling x8  
  55  5:38  Baneling x2  
  55  5:40  Centrifugal Hooks  
  55  5:45  Zergling x4  
  55  5:46  Zergling x6, Roach  
  55  5:47  Roach x5  
  72  5:51  Drone x3  
  72  5:55  Roach  
  72  5:56  Roach x2  
  81  5:58  Zergling x2  
  80  6:07  Overseer x2  
  80  6:15  Overseer  
  80  6:21  Drone x5  
  80  6:22  Drone x2  
  80  6:23  Drone  
  80  6:25  Drone  
  89  6:26  Drone x2  
  89  6:27  Drone  
  92  6:39  Spore Crawler  
  91  7:01  Hatchery  
  90  7:04  Hatchery  
  88  7:08  Zergling x2  
  88  7:09  Zergling x6  
  88  7:15  Hatchery  
  86  7:17  Roach x3  
  86  7:32  Drone  
  86  7:33  Drone x2  
  89  7:46  Drone x3  
  80  8:06  Roach x4  
  80  8:16  Spine Crawler  
  77  8:22  Spine Crawler x2  
  77  8:25  Queen  
  78  8:27  Drone x4  
  78  8:31  Zerg Missile Weapons Level 1, Zerg Ground Armor Level 1  
  81  8:34  Overseer  
  81  8:35  Queen  
  81  8:37  Overseer  
  83  8:42  Drone x3  
  83  8:45  Spine Crawler  
  83  8:46  Spine Crawler  
  84  8:48  Spine Crawler  
  83  9:08  Extractor  
  83  9:09  Extractor, Roach x2  
  85  9:10  Overlord x3  
  85  9:11  Overlord x3  
  85  9:16  Spine Crawler x2  
  83  9:38  Roach  
  83  9:39  Roach x13  
  111  9:47  Overlord x2  
  111  9:48  Overlord x3  
  111  9:53  Hydralisk Den  
  111  9:58  Drone x3  
  113  10:01  Drone x4  
  117  10:18  Queen  
  119  10:27  Roach  
  119  10:28  Roach x14  
  149  10:51  Ravager x3  
  149  10:52  Ravager x8  
  149  10:53  Ravager x5  
  165  11:03  Hydralisk x3  
  171  11:08  Glial Reconstitution  
  171  11:13  Extractor  
  171  11:15  Extractor  
  169  11:19  Extractor  
  168  11:39  Zergling x26  
  169  11:40  Zergling x8  
  135  12:06  Zergling x40  
  147  12:16  Roach x4  
  147  12:22  Zergling x2  
  156  12:26  Roach  
  139  12:49  Roach  
  139  12:50  Roach x10  
  148  12:58  Overseer  
  148  12:59  Overseer  
  124  13:23  Roach x9  
  124  13:24  Roach x4  
  140  13:31  Overseer x2  
  140  13:32  Overseer, Overlord x2  
  140  13:44  Spore Crawler  
  140  13:47  Spine Crawler  
  138  13:48  Hatchery  
  138  13:49  Spine Crawler  
  138  13:50  Spine Crawler x2  
  138  13:52  Spine Crawler  
  138  13:53  Ravager x5  
  138  13:54  Ravager x7  
  143  14:13  Spine Crawler  
Show
View Real Time Build Order
Export as new Build Order

HoldTheDoor Protoss 

Build Orders: 1 Gate Expand, Zealot Archon, Dark Templar Rush 

Get SALT Encoding   

  12  0:00  Probe  
  13  0:12  Probe  
  14  0:20  Pylon  
  14  0:24  Probe  
  15  0:34  Probe  
  15  0:42  Gateway, Probe  
  17  0:50  Assimilator  
  17  0:53  Probe  
  18  1:05  Probe  
  19  1:25  Nexus  
  19  1:32  Cybernetics Core  
  19  1:37  Probe  
  20  1:44  Pylon  
  20  1:49  Probe  
  20  1:53  Assimilator  
  21  2:01  Probe  
  22  2:02  Stalker  
  24  2:15  Probe  
  24  2:19  Warp Gate  
  25  2:27  Adept, Probe  
  28  2:37  Probe  
  28  2:40  Probe  
  30  2:44  Gateway  
  30  2:49  Probe  
  31  2:52  Probe  
  31  2:53  Twilight Council  
  32  3:01  Probe  
  32  3:04  Probe, Pylon  
  34  3:12  Assimilator  
  34  3:13  Probe  
  34  3:16  Probe  
  36  3:21  Robotics Facility  
  36  3:25  Probe  
  37  3:29  Probe  
  38  3:36  Dark Shrine, Pylon  
  38  3:43  Pylon  
  38  3:55  Probe x2  
  36  4:06  Pylon  
  36  4:08  Pylon  
  36  4:18  Adept x2  
  36  4:20  Warp Prism, Probe  
  43  4:36  Gateway  
  43  4:38  Gateway  
  43  4:42  Adept, Pylon  
  43  4:43  Adept  
  47  4:47  Pylon  
  47  4:52  Probe x2  
  49  5:10  Dark Templar x2  
  53  5:24  Forge  
  53  5:26  Gateway  
  53  5:28  Gateway  
  53  5:35  Dark Templar x2  
  57  5:42  Probe x2  
  59  5:47  Adept x2  
  63  6:07  Dark Templar  
  63  6:08  Dark Templar x2  
  69  6:29  Probe  
  70  6:34  Pylon  
  70  6:36  Photon Cannon  
  70  6:37  Photon Cannon  
  68  7:07  Dark Templar  
  70  7:09  Zealot x5  
  58  7:44  Archon  
  58  7:46  Stalker x3  
  58  7:47  Stalker x3  
  58  7:50  Archon  
  64  8:23  Probe x2  
  64  8:25  Cybernetics Core  
  66  8:32  Nexus  
  66  8:33  Dark Templar, Protoss Ground Weapons Level 1  
  68  8:35  Dark Templar x2, Pylon  
  68  8:36  Dark Templar x3  
  68  8:37  Pylon  
  68  8:39  Archon x2  
  68  8:40  Archon  
  78  8:44  Gateway x2  
  78  8:48  Gateway x2  
  78  8:49  Gateway  
  78  8:52  Immortal  
  78  8:53  Gateway  
  78  8:57  Pylon  
  78  9:00  Pylon  
  82  9:03  Gateway  
  82  9:05  Shield Battery, Gateway  
  82  9:09  Pylon, Zealot x4, Photon Cannon  
  90  9:11  Zealot  
  90  9:14  Zealot  
  94  9:21  Immortal  
  94  9:32  Shield Battery  
  94  9:35  Probe  
  94  9:36  Probe  
  100  9:45  Pylon  
  100  9:47  Photon Cannon  
  100  9:54  Dark Templar x2  
  100  9:55  Immortal  
  100  9:58  Probe x3  
  107  10:00  Charge  
  111  10:15  Pylon  
  111  10:23  Photon Cannon  
  111  10:24  Shield Battery, Pylon  
  111  10:30  Archon  
  111  10:36  Dark Templar x2  
  111  10:38  Zealot  
  111  10:39  Zealot x3  
  111  10:41  Archon  
  111  10:42  Immortal  
  123  10:43  Zealot  
  123  10:44  Zealot  
  131  11:11  Zealot x4  
  133  11:12  Zealot x4  
  147  11:19  Observer  
  148  11:31  Zealot x4  
  148  11:32  Zealot x2  
  132  11:45  Zealot x5  
  132  11:46  Zealot x2  
  68  12:16  Stalker  
  68  12:17  Stalker x8  
  82  12:29  Zealot x2  
  84  12:30  Zealot x3  
  70  12:45  Zealot x5  
  70  12:48  Dark Templar  
  70  12:50  Dark Templar  
  48  12:59  Dark Templar x3  
  50  13:10  Dark Templar  
  47  13:29  Archon x2  
  47  13:37  Dark Templar  
  49  13:43  Nexus  
  49  13:47  Dark Templar  
  51  13:55  Probe  
  52  13:58  Probe  
Tags
 
Add a new tag
Caveats
  • Supply blocks, unpowered buildings, or Contaminate may cause inaccurate times.
  • Supply counts are checked every 10 seconds.